 Dungeon Sprint DCSS version 0.29-a0-1027-gcd8c55af63 (webtiles) character file.

Game seed: 4665330607389153146

3158 Conn the Arsonist (level 9, -1/81 HPs)
             Began as an Octopode Fire Elementalist on Aug 13, 2022.
             Was a Follower of Sif Muna.
             Slain by a skeletal warrior
             ... wielding a +0 mace
              (11 damage)
             ... in the Dungeon (Sprint II: "The Violet Keep of Menkaure").
             The game lasted 00:19:56 (585 turns).

Conn the Arsonist (Octopode Fire Elementalist)       Turns: 585, Time: 00:19:56

Health: -1/81      AC: 24    Str:  4    XL:     9   Next: 94%
Magic:  14/24      EV:  2    Int: 24    God:    Sif Muna [*.....]
Gold:   160        SH:  0    Dex: 13    Spells: 8/30 levels left

rFire   + + .      SeeInvis .     - Unarmed
rCold   + + +      Faith    .   (no shield)
rNeg    . . .      Spirit   .   (helmet currently unavailable)
rPois   +          Reflect  .   l - amulet of regeneration
rElec   +          Harm     .   c - ring of Bodily Harmony {rF+ rC++ Str-3 Int+3 Stlth+}
rCorr   +          Rampage  .   (no ring)
Will    .....      NoTele   +   (no ring)
Stlth   ++++......              (no ring)
HPRegen 1.03/turn               (no ring)
MPRegen 0.19/turn               (no ring)
                                (no ring)
                                (no ring)

@: tree-form (expiring), resistant, attractive, invisible (expiring), very slow
A: stationary, stasis, torment immunity, boosted hp, almost no armour,
(amphibious), 8 rings, (camouflage 1), (gelatinous body 1), (nimble swimmer 1),
(tentacles)
a: Renounce Religion, Channel Magic


You were in the Dungeon.
You worshipped Sif Muna.
Sif Muna was aware of your devotion.
You were a tree.
You visited 1 branch You collected 897 gold pieces.
You spent 737 gold pieces at shops.

Inventory:

Armour
 d - a +2 hat (melded)
Jewellery
 c - the ring of Bodily Harmony (left branch) {rF+ rC++ Str-3 Int+3 Stlth+}
   (You bought it in a shop in the Dungeon)

   [ring of protection from fire]

   Str:       It affects your strength (-3).
   Int:       It affects your intelligence (+3).
   rF:        It protects you from fire.
   rC:        It greatly protects you from cold.
   Stlth:     It makes you more stealthy.
 e - a ring of ice
 l - an amulet of regeneration (around neck)
Scrolls
 f - a scroll of blinking
 h - 2 scrolls of immolation {unknown}
 i - 2 scrolls of identify {unknown}
 k - a scroll of fog {unknown}
 m - 2 scrolls of amnesia {unknown}
 q - 6 scrolls of fear {unknown}
 r - a scroll of vulnerability {unknown}
 s - a scroll of enchant weapon {unknown}
 u - a scroll of torment {unknown}
 v - a scroll of summoning {unknown}
Potions
 a - 4 potions of magic
 j - a potion of brilliance
 n - 3 potions of flight
 t - a potion of resistance


   Skills:
 + Level 1.7 Fighting
 + Level 6.9 Dodging
 - Level 6.9 Stealth
 - Level 2.6 Unarmed Combat
 + Level 11.3 Spellcasting
 + Level 7.0 Conjurations
 + Level 1.7 Hexes
 * Level 5.3 Translocations
 + Level 13.5 Fire Magic
 * Level 5.7 Invocations


You had 8 spell levels left.
You knew the following spells:

 Your Spells              Type           Power      Damage    Failure   Level
a - Foxfire               Conj/Fire      100%       2x1d9     1%          1
b - Conjure Flame         Conj/Fire      58%        6-21      1%          3
c - Inner Flame           Hex/Fire       50%        N/A       1%          3
d - Flame Wave            Conj/Fire      58%        2d14      1%          4
e - Scorch                Fire           100%       2d10      1%          2
f - Blink                 Tloc           78%        N/A       1%          2
g - Summon Hydra          Summ           6%         N/A       100%        7

Your spell library contained the following spells:

 Spells                   Type           Power      Damage    Failure   Level
 Sublimation of Blood     Necr           13%        N/A       7%          2
 Wereblood                Tmut           13%        N/A       7%          2
 Manifold Assault         Tloc           39%        N/A       14%         5
 Storm Form               Tmut/Air       6%         N/A       100%        7


Dungeon Overview and Level Annotations

Branches:
Dungeon (1/1)

Altars:
Cheibriados
Dithmenos
Elyvilon
Fedhas
Gozag
Hepliaklqana
Kikubaaqudgha
Makhleb
Nemelex Xobeh
Okawaru
Qazlal
Ru
Sif Muna
Trog
Uskayaw
Vehumet
Wu Jian
Xom
Yredelemnul
Zin
The Shining One
Jiyva
Lugonu

Shops:
D ::[[!*[(*:?==!?

Annotations:
D exclusions: obsidian statue, oklob plant and orange crystal statue, Kirke, Roxanne


Innate Abilities, Weirdness & Mutations

You are a tree.
Your roots penetrate the ground, keeping you stationary.
You cannot be teleported.
You are immune to unholy pain and torment.
Your maximum health is greatly increased.
You cannot wear most types of armour.
((You are amphibious.))
You can wear up to eight rings at the same time.
((Your skin changes colour to match your surroundings (Stealth+).))
((Your rubbery body absorbs attacks. (AC +1, EV +1)))
((You are camouflaged when in or above water. (Stealth+)))
((You have tentacles for arms and can constrict up to eight enemies at once.))


Message History

A wave of flame ripples out!
The flame wave engulfs the elephant!!
The elephant is heavily wounded.
The flame wave engulfs the skeletal warrior!
The skeletal warrior is heavily damaged.
You flicker for a moment.
The skeletal warrior is engulfed in a cloud of scalding steam.
The skeletal warrior hits you with a +0 mace.
* * * LOW HITPOINT WARNING * * *
The elephant tramples you!
* * * LOW HITPOINT WARNING * * *
The elephant trunk-slaps you but does no damage.
A wave of flame ripples out!
The flame wave engulfs the elephant!
The elephant is severely wounded.
The flame wave engulfs the skeletal warrior but does no damage.
The skeletal warrior is heavily damaged.
You finish channelling waves of flame.
You hear a shout!
The skeletal warrior hits you but does no damage.
The elephant is engulfed in a cloud of scalding steam.
The elephant tramples you but does no damage.
The elephant trunk-slaps you but does no damage.
Casting: Flame Wave (mildly dangerous; 1% risk of failure)
Confirm with . or Enter, or press ? or * to list all spells.
Casting: Flame Wave (mildly dangerous; 1% risk of failure)
Press: ? - help, Dir - look around, f - activate A wave of flame ripples out!
The flame wave engulfs the elephant!
You kill the elephant!
Sif Muna accepts your kill.
The flame wave engulfs the skeletal warrior.
The skeletal warrior is heavily damaged. (Press . to intensify the flame waves.)
The skeletal warrior hits you with a +0 mace.
* * * LOW HITPOINT WARNING * * *
Your Conjurations skill increases to level 7!
Your Translocations skill increases to level 5!
A wave of flame ripples out!
The flame wave engulfs the skeletal warrior.
The skeletal warrior is heavily damaged.
The skeletal warrior hits you with a +0 mace!
You die...

#≈≈ §§§§≈≈## # §§≈§§8§≈§§≈#
c@####§§≈§§≈≈§§ ..~## §≈≈≈≈
############~~#+++#+++##
###########§§~.........#
##....∩.∩.#§§§§.##+##..#
##...∩.∩..#§§z§##...##.#### +
##..∩.∩...#§§♣§#..#..#....#
##.⌠.∩....#§§####.#.####..##
##..∩.....#§##.###'## .##..#
##...∩.∩..#§#...##†##$B.#..#
##....∩.∩.'~'.#.).<.+# +..###
##.....∩.∩#~#...##.##.B.#....#
#▓▓▓▓▓▓▓###~##.###'## .##.....
##)Hh######~~####...####~§....
#[hH#l ##~~~#.##..#~~~~§~§.


You could see a skeletal warrior.

Vanquished Creatures
  A yaktaur captain (D)
  A centaur warrior (D)
  An elephant (D)
  A merfolk siren (D)
  A kobold demonologist (D)
  A blink frog (D)
  4 neqoxecs (D)
  2 water moccasins (D)
  4 necrophages (D)
16 creatures vanquished.

Vanquished Creatures (others)
  Menkaure (D)
  36 foxfires (D)
  4 tentacles (D)
41 creatures vanquished.

Grand Total: 57 creatures vanquished

Notes
Turn   | Place    | Note
-------+----------+-------------------------------------------
     0 | D        | Conn the Octopode Fire Elementalist began the quest for the
                  | Orb.
     0 | D        | Reached XP level 1. HP: 11/11 MP: 3/3
     1 | D        | Noticed a necrophage
     1 | D        | Noticed a necrophage
     1 | D        | Noticed a necrophage
     1 | D        | Noticed a necrophage
     8 | D        | Killed a necrophage
     9 | D        | Reached skill level 6 in Fire Magic
     9 | D        | Reached XP level 2. HP: 17/17 MP: 1/6
     9 | D        | Reached XP level 3. HP: 21/21 MP: 1/8
     9 | D        | Reached XP level 4. HP: 27/27 MP: 1/9
    13 | D        | Killed a necrophage
    14 | D        | Reached skill level 1 in Unarmed Combat
    14 | D        | Reached skill level 7 in Fire Magic
    14 | D        | Reached XP level 5. HP: 31/31 MP: 1/11
    18 | D        | Reached skill level 5 in Stealth
    18 | D        | Reached skill level 8 in Fire Magic
    30 | D        | Reached skill level 5 in Spellcasting
    30 | D        | Reached skill level 9 in Fire Magic
    30 | D        | Reached XP level 6. HP: 28/36 MP: 1/13
    45 | D        | Learned a level 2 spell: Scorch
    49 | D        | Learned a level 3 spell: Conjure Flame
    53 | D        | Learned a level 3 spell: Inner Flame
    58 | D        | Learned a level 4 spell: Flame Wave
    70 | D        | Noticed a merfolk siren
    89 | D        | Killed a merfolk siren
    90 | D        | Reached skill level 5 in Dodging
    90 | D        | Reached skill level 10 in Fire Magic
    90 | D        | Reached XP level 7. HP: 41/42 MP: 9/17
   104 | D        | Noticed a neqoxec
   104 | D        | Noticed a neqoxec
   104 | D        | Noticed a neqoxec
   104 | D        | Noticed a neqoxec
   116 | D        | Killed a neqoxec
   116 | D        | Killed a neqoxec
   116 | D        | Killed a neqoxec
   117 | D        | Reached skill level 1 in Fighting
   117 | D        | Reached skill level 5 in Conjurations
   117 | D        | Reached skill level 11 in Fire Magic
   117 | D        | Reached XP level 8. HP: 32/48 MP: 1/20
   150 | D        | Noticed an obsidian statue
   157 | D        | Noticed a boulder beetle
   157 | D        | Noticed a boulder beetle
   165 | D        | Found Xyiwakk's Distillery.
   165 | D        | Found Idowkure's Assorted Antiques.
   165 | D        | Found Qoorulus's Magic Scroll Shop.
   165 | D        | Found Nonifaett's Jewellery Boutique.
   165 | D        | Found Wepiurigg's Magic Scroll Shop.
   165 | D        | Found Yxtobete's Antique Weapon Shop.
   165 | D        | Found Lexe's Book Shop.
   165 | D        | Found Qoracaliwo's Antique Armour Boutique.
   166 | D        | Found Dackaceho's Assorted Antiques.
   166 | D        | Found Mejoj's Distillery.
   166 | D        | Found Ximim's Antique Armour Boutique.
   166 | D        | Found Jyff's Jewellery Shop.
   167 | D        | Found Xive's Armour Shop.
   167 | D        | Found Uxkaz's Book Boutique.
   167 | D        | Noticed a hell hog
   174 | D        | Noticed a hell hog
   175 | D        | Noticed a manticore
   176 | D        | Noticed an oklob plant
   176 | D        | Noticed a manticore
   177 | D        | Found Focaykop's Book Shoppe.
   179 | D        | Noticed a manticore
   182 | D        | Bought a warped turquoise ring for 115 gold pieces
   182 | D        | Identified the ring of Bodily Harmony {rF+ rC++ Str-3 Int+3
                  | Stlth+} (You bought it in a shop in the Dungeon)
   185 | D        | Noticed a wyvern
   196 | D        | Bought an Inescapable Atlas for 340 gold pieces
   199 | D        | Learned a level 2 spell: Blink
   204 | D        | Bought a +2 hat for 160 gold pieces
   204 | D        | Noticed a wyvern
   210 | D        | Bought a ruby ring for 80 gold pieces
   225 | D        | Noticed an orange crystal statue
   236 | D        | Found a blossoming altar of Fedhas.
   237 | D        | Found a white marble altar of Elyvilon.
   237 | D        | Found an opulent altar of Gozag.
   237 | D        | Found a burning altar of Makhleb.
   238 | D        | Found a shadowy altar of Dithmenos.
   238 | D        | Found a corrupted altar of Lugonu.
   239 | D        | Found a snail-covered altar of Cheibriados.
   239 | D        | Found an ancient bone altar of Kikubaaqudgha.
   239 | D        | Found a bloodstained altar of Trog.
   242 | D        | Reached skill level 12 in Fire Magic
   242 | D        | Found a viscous altar of Jiyva.
   242 | D        | Found a shimmering blue altar of Sif Muna.
   243 | D        | Found a hazy altar of Hepliaklqana.
   243 | D        | Found a sacrificial altar of Ru.
   243 | D        | Found a shimmering altar of Xom.
   244 | D        | Found a stormy altar of Qazlal.
   244 | D        | Found an ornate altar of the Wu Jian Council.
   244 | D        | Found a sparkling altar of Nemelex Xobeh.
   244 | D        | Found a hide-covered altar of Uskayaw.
   244 | D        | Found a basalt altar of Yredelemnul.
   244 | D        | Found a glowing golden altar of the Shining One.
   245 | D        | Found a radiant altar of Vehumet.
   245 | D        | Found an iron altar of Okawaru.
   245 | D        | Found a glowing silver altar of Zin.
   250 | D        | Became a worshipper of Sif Muna the Loreminder
   263 | D        | Noticed a kraken
   319 | D        | Killed Menkaure
   417 | D        | Noticed a yaktaur
   417 | D        | Noticed a hornet
   417 | D        | Noticed a polar bear
   426 | D        | Identified Roxanne's Octavo of Transmutation
   426 | D        | Noticed Roxanne
   456 | D        | Noticed a blink frog
   460 | D        | Killed a blink frog
   461 | D        | Reached skill level 1 in Translocations
   461 | D        | Reached skill level 1 in Invocations
   488 | D        | Learned a level 7 spell: Summon Hydra
   521 | D        | Bought a potion of lignification for 42 gold pieces
   542 | D        | Noticed a centaur warrior
   542 | D        | Noticed Kirke
   542 | D        | Noticed a kobold demonologist
   548 | D        | Noticed a red devil
   550 | D        | Noticed a yaktaur captain
   556 | D        | Killed a kobold demonologist
   560 | D        | Killed a yaktaur captain
   560 | D        | Reached * piety under Sif Muna
   561 | D        | Reached skill level 10 in Spellcasting
   561 | D        | Reached skill level 1 in Hexes
   561 | D        | Reached XP level 9. HP: 18/53 MP: 1/23
   565 | D        | Noticed a skeletal warrior
   567 | D        | Killed a centaur warrior
   568 | D        | Reached skill level 13 in Fire Magic
   568 | D        | Reached skill level 5 in Invocations
   573 | D        | Noticed an elephant
   584 | D        | Killed an elephant
   585 | D        | Reached skill level 5 in Translocations
   585 | D        | Slain by a skeletal warrior

Illustrated notes

Levels and vault maps discovered:
D:        the_violet_keep_of_menkaure [sprint2_stairs_cluster_1,
          sprint2_shoproom, sprint2_temple, sprint2_basic_supplies,
          sprint2_obstacle_3, sprint2_obstacle_6, sprint2_obstacle_4,
          sprint2_obstacle_7, sprint2_obstacle_5, sprint2_timed_cluster_1,
          sprint2_smallroom_cluster_1, sprint2_smallroom_final_cluster_1,
          sprint2_transparent_cluster_1, sprint2_second_timed_cluster_1,
          sprint2_sniper_area_1, sprint2_heavy_combat_area_1,
          sprint2_mutation_trap_area_1, sprint2_forest_area_1,
          sprint2_light_combat_area_1, sprint2_behind_water_1,
          sprint2_near_end_vault_1]

Skill      XL: |  1  2  3  4  5  6  7  8  9 |
---------------+----------------------------+-----
Dodging        | 3 4 5 6 |  6.9
Stealth        | 4 5 6 |  6.9
Spellcasting   | 3 4 5 7 8 10 11 | 11.3
Fire Magic     | 6 7 9 10 11 12 13 | 13.5
Unarmed Combat | 1 2 |  2.6
Conjurations   | 2 4 5 6 7 |  7.0
Fighting       | 1 |  1.7
Translocations | 4 5 |  5.3
Invocations    | 4 5 |  5.7
Hexes          | 1 |  1.7

Action                   |  1- 3 |  4- 6 |  7- 9 || total
-------------------------+-------+-------+-------++-------
Melee: Unarmed           |     2 |    16 |     7 ||    25
       Tentacles         |     1 |     4 |       ||     5
       Constrict         |     1 |     3 |       ||     4
 Cast: Foxfire           |     1 |     9 |    10 ||    20
       Scorch            |       |     1 |    17 ||    18
       Conjure Flame     |       |     1 |       ||     1
       Inner Flame       |       |       |     3 ||     3
       Flame Wave        |       |       |     5 ||     5
  Use: Potion            |     2 |     1 |    13 ||    16
Armor: Skin              |       |       |    28 ||    28
Dodge: Dodged            |       |     6 |    13 ||    19

Table legend: (Time is in decaauts)
 A = Elapsed time spent in this place.
 B = Non-inter-level travel time spent in this place.
 C = Inter-level travel time spent in this place.
 D = Time resting spent in this place.
 E = Time spent auto-exploring this place.
 F = Levels seen in this place.
 G = Mean time per level.
                   A        B        C        D        E       F      G
               +--------+--------+--------+--------+--------+-----+--------+
         Total |    576 |    575 |      1 |      8 |      1 |   1 |  576.0 |
       Dungeon |    576 |    575 |      1 |      8 |      1 |   1 |  576.0 |
               +--------+--------+--------+--------+--------+-----+--------+

Top non-repeatable levels by time:
       D: 576 daAuts
